AoeStats
← iTz Ozy2

Black Forest

507627413Analyzed
4v4 RM · 13d ago on Sep 19, 2026· 61m 38s· 8 players
Game mode
Random Map
Map size
Large (8 player)
Population
200
Speed
Normal
Resources
Standard
Victory
Conquest
Starting age
Dark Age
Ending age
Imperial Age
RankedLock teamsTeams togetherTeam positionsShared explorationLock speedFull tech treeHidden civsTurbo modeCheats
Victory
Defeat
🇺🇸 Goths · United States
946
+11
🇺🇸 Persians · United States
908
+13
🇺🇸 Khmer · United States
865
+14
🇺🇸 Spanish · United States
855
+15
🇧🇷 Bulgarians · Brazil
902
-15
🇨🇱 Maya · Chile
831
-13
🇫🇷 Celts · France
816
-13
🇺🇸 Jurchens · United States
792
-12
julusss51
0:37 Loom
14:37 Feudal Age
19:24 Castle Age
19:03 Double-Bit Axe
21:25 Horse Collar
29:30 Heavy Plow
29:46 Stone Mining
29:50 Gold Mining
31:24 Bow Saw
31:39 Caravan
37:10 Imperial Age
35:28 Wheelbarrow
35:27 Heated Shot
36:22 Ballistics
36:28 Fletching
37:40 Gold Shaft Mining
37:40 Hand Cart
37:16 Town Watch
37:13 Onager
39:07 Chemistry
39:20 Conscription
39:55 Furor Celtica
40:29 Siege Engineers
41:06 Devotion
41:40 Siege Onager
42:44 Fortified Wall
42:41 Bodkin Arrow
52:27 Heavy Scorpion
56:21 Scale Mail Armor
56:32 Forging
59:44 Iron Casting
59:24 Chain Mail Armor
CACO
0:32 Loom
15:10 Feudal Age
15:47 Arson
16:09 Double-Bit Axe
16:38 Horse Collar
19:15 Man-at-Arms
22:47 Castle Age
22:24 Forging
22:14 Scale Mail Armor
22:15 Padded Archer Armor
23:02 Gold Mining
23:03 Stone Mining
29:06 Squires
31:03 Wheelbarrow
30:59 Caravan
32:20 Elite Skirmisher
34:24 Thumb Ring
33:40 Crossbowman
36:10 Hand Cart
35:40 Town Watch
37:48 Bow Saw
41:46 Imperial Age
39:47 Heavy Plow
40:26 Stone Shaft Mining
40:17 Fletching
40:43 Leather Archer Armor
40:44 Chain Mail Armor
41:28 Bodkin Arrow
42:10 Hul'che Javelineers
42:26 Eagle Warrior
42:27 Pikeman
42:50 Arbalester
44:34 Bracer
45:40 Two-Man Saw
45:15 Crop Rotation
46:09 Iron Casting
46:56 Chemistry
46:17 Ballistics
45:39 Treadmill Crane
45:54 Murder Holes
46:32 Elite Plumed Archer
47:33 Conscription
48:15 Halberdier
51:13 Ring Archer Armor
51:13 Plate Mail Armor
51:44 Blast Furnace
50:27 Elite Eagle Warrior
51:40 Long Swordsman
53:49 Blast Furnace
53:59 Two-Handed Swordsman
60:29 Holcans
taylorzanin
2:52 Loom
12:07 Feudal Age
12:39 Horse Collar
13:05 Double-Bit Axe
22:24 Castle Age
22:09 Wheelbarrow
21:23 Town Watch
22:02 Gold Mining
22:06 Stone Mining
23:33 Heavy Plow
25:15 Gold Shaft Mining
25:15 Stone Shaft Mining
36:32 Imperial Age
35:02 Hand Cart
35:32 Scale Barding Armor
35:38 Forging
35:30 Scale Mail Armor
38:25 Conscription
38:45 Iron Casting
39:17 Crop Rotation
39:14 Ballistics
39:46 Caravan
41:07 Chemistry
40:30 Chain Barding Armor
41:11 Blast Furnace
41:07 Onager
42:31 Bagains
42:11 Elite Konnik
43:00 Gambesons
43:15 Squires
42:36 Pikeman
44:40 Chain Mail Armor
45:34 Plate Barding Armor
44:53 Guard Tower
45:15 Masonry
46:16 Plate Mail Armor
46:57 Capped Ram
47:00 Siege Onager
49:31 Halberdier
61:10 Town Patrol
nameBURRITO
11:04 Feudal Age
11:37 Double-Bit Axe
11:35 Horse Collar
17:19 Bloodlines
19:14 Castle Age
18:06 Gold Mining
20:01 Husbandry
20:21 Stone Mining
23:05 Wheelbarrow
28:10 Squires
27:50 Pikeman
37:13 Imperial Age
37:34 Bow Saw
37:28 Heavy Plow
38:20 Conscription
38:50 Padded Archer Armor
38:56 Scale Barding Armor
39:02 Forging
40:05 Siege Engineers
40:21 Ballistics
41:02 Chemistry
40:12 Capped Ram
42:50 Hand Cart
42:54 Thunderclap Bombs
43:27 Hoardings
44:33 Elite Iron Pagoda
iTz Ozy2
0:27 Loom
13:40 Feudal Age
19:20 Castle Age
20:19 Stone Mining
20:24 Horse Collar
20:40 Gold Mining
20:42 Double-Bit Axe
23:00 Bow Saw
23:20 Heavy Plow
24:37 Stone Shaft Mining
25:17 Caravan
27:34 Wheelbarrow
31:00 Bloodlines
32:09 Husbandry
32:16 Padded Archer Armor
32:48 Scale Barding Armor
37:13 Imperial Age
35:59 Hand Cart
37:22 Leather Archer Armor
37:28 Chain Barding Armor
37:19 Forging
38:41 Conscription
40:46 Ballistics
39:57 Cavalier
41:15 Ring Archer Armor
41:22 Plate Barding Armor
41:22 Iron Casting
41:59 Elite Conquistador
42:36 Fletching
42:50 Murder Holes
44:36 Light Cavalry
45:16 Bodkin Arrow
46:22 Blast Furnace
47:40 Paladin
50:35 Hussar
54:13 Bracer
61:45 Town Watch
iTzSEWERKING
0:29 Loom
10:09 Feudal Age
17:21 Castle Age
19:00 Wheelbarrow
26:52 Double-Bit Axe
29:27 Horse Collar
30:56 Bow Saw
35:25 Imperial Age
34:26 Gold Mining
34:39 Heavy Plow
34:54 Stone Mining
36:20 Ballistics
38:28 Double Crossbow
38:15 Pikeman
40:19 Chemistry
40:44 Elite Ballista Elephant
42:00 Halberdier
43:11 Heavy Scorpion
50:15 Light Cavalry
51:02 Hussar
51:56 Bloodlines
51:47 Husbandry
54:10 Forging
54:01 Scale Mail Armor
55:08 Caravan
iTzSlickUNC
1:57 Loom
10:43 Feudal Age
11:11 Double-Bit Axe
14:40 Man-at-Arms
18:39 Castle Age
20:23 Bow Saw
21:04 Bow Saw
22:25 Wheelbarrow
25:35 Horse Collar
26:49 Heavy Plow
27:44 Forging
26:58 Man-at-Arms
28:13 Scale Mail Armor
28:50 Long Swordsman
28:54 Pikeman
32:24 Squires
35:01 Imperial Age
33:47 Iron Casting
35:02 Elite Huskarl
37:34 Chemistry
36:55 Ballistics
37:25 Halberdier
38:33 Chain Mail Armor
38:22 Murder Holes
39:07 Conscription
40:30 Blast Furnace
39:52 Hand Cart
39:55 Anarchy
42:12 Two-Handed Swordsman
51:09 Caravan
52:15 Champion
56:53 Perfusion
iTz bjonny88
1:03 Loom
14:03 Feudal Age
14:27 Double-Bit Axe
14:24 Horse Collar
21:15 Castle Age
20:09 Stone Mining
20:10 Gold Mining
21:11 Wheelbarrow
22:22 Bow Saw
22:20 Heavy Plow
23:49 Hand Cart
27:23 Pikeman
28:04 Squires
27:50 Arson
35:36 Imperial Age
35:00 Caravan
35:31 Coinage
35:23 Bloodlines
35:14 Husbandry
35:47 Kamandaran
36:53 Two-Man Saw
36:47 Light Cavalry
39:19 Chemistry
38:40 Ballistics
38:11 Heated Shot
38:52 Conscription
37:56 Crossbowman
40:11 Banking
39:52 Guilds
40:34 Scale Barding Armor
40:40 Forging
40:20 Fletching
40:31 Padded Archer Armor
40:35 Scale Mail Armor
43:04 Chain Barding Armor
43:20 Iron Casting
42:42 Bodkin Arrow
43:54 Elite War Elephant
45:18 Parthian Tactics
44:59 Thumb Ring
46:09 Plate Barding Armor
45:50 Leather Archer Armor
45:52 Chain Mail Armor
45:54 Cavalier
51:24 Savar
57:05 Blast Furnace
56:36 Ring Archer Armor
Connection lost

Rejoining the realm…

Still unreachable

The connection could not be restored.

Session expired

The server has moved on; the page needs a fresh start.